 Dungeon Crawl Stone Soup version 0.20-a0-77-g476458c (webtiles) character file.

177 KristoblXynda the Chopper (level 5, -8/41 HPs)
             Began as a Draconian Skald on Nov 19, 2016.
             Mangled by Sigmund
             ... wielding a +0 scythe
              (9 damage)
             ... on level 4 of the Dungeon.
             The game lasted 00:04:07 (3059 turns).

KristoblXynda the Chopper (Draconian Skald)         Turns: 3059, Time: 00:04:08

Health: -8/41      AC:  5    Str: 15    XL:     5   Next: 31%
Magic:  8/8        EV:  9    Int: 13    God:
Gold:   189        SH:  0    Dex: 10    Spells: 2 memorised, 4 levels left

rFire  + . .     SeeInvis .     a - +0 hand axe
rCold  + . .     Gourm    .     (armour unavailable)
rNeg   + . .     Faith    .     (no shield)
rPois  +         Spirit   .     (helmet restricted)
rElec  +         Reflect  .     (no cloak)
rCorr  +         Harm     .     (no gloves)
MR     .....                    (no boots)
Stlth  +.........               (no amulet)
                                q - -3 ring of evasion (curse)
                                k - ring of positive energy

@: confused, lethally poisoned (-8 -> -9), resistant
A: unfitting armour, cold-blooded, AC +5
a: no special abilities


You were on level 4 of the Dungeon.
You were not hungry.

You visited 1 branch of the dungeon, and saw 4 of its levels.

You collected 189 gold pieces.

Inventory:

Hand Weapons
 a - a +0 hand axe (weapon)
Jewellery
 e - an uncursed ring of protection from cold {unknown}
 k - a ring of positive energy (left hand)
 q - a cursed -3 ring of evasion (right hand)
Scrolls
 d - 3 scrolls of immolation
 o - 2 scrolls of recharging
Potions
 g - a potion of degeneration {unknown}
 h - a potion of agility {unknown}
 n - a potion of cure mutation
Books
 b - a book of Battle

   Spells                             Type                      Level
   a - Infusion                       Charms                       1
   b - Shroud of Golubria             Charms/Translocation         2
   c - Song of Slaying                Charms                       2
   d - Spectral Weapon                Hexes/Charms                 3
   e - Regeneration                   Charms/Necromancy            3
Comestibles
 c - 4 bread rations
 f - a fruit
 i - 2 meat rations
 m - a slice of pizza
 p - a royal jelly


   Skills:
 - Level 2.1 Fighting
 + Level 3.9 Axes
 + Level 2.8 Dodging
 - Level 2.0 Spellcasting
 + Level 3.7 Charms


You had 4 spell levels left.
You knew the following spells:

 Your Spells              Type           Power        Failure   Level  Hunger
a - Infusion              Chrm           ##..         8%          1    ##.....
b - Regeneration          Chrm/Necr      #.........   38%         3    ####...


Dungeon Overview and Level Annotations

Branches:
Dungeon (4/15)
 Temple: D:4-7

Altars:

Annotations:
D:4 Sigmund


Innate Abilities, Weirdness & Mutations

Your plain brown scales are hard. (AC +5)
You cannot fit into any form of body armour.
You are cold-blooded and may be slowed by cold attacks.


Message History

Something hits you! The adder bites you but does no damage.
You hit something. You miss the adder. The adder bites you but does no damage.
You closely miss something. You hit the adder. The adder bites you.
You are poisoned.
The adder poisons you! Something hits you but does no damage.
You barely miss something.
Your tail-slap misses something.
You hit the adder.
You kill the adder!
You feel sick. Something hits you.
* * * LOW HITPOINT WARNING * * *
You miss something. Something hits you.
* * * LOW HITPOINT WARNING * * *
You miss something.
You feel sick. Something hits you!
* * * LOW HITPOINT WARNING * * *
It was a potion of resistance.
You feel protected.
You hear some strange, mumbled words.
You are confused.
It was a potion of cure mutation.
It has a very clean taste.
Something hits you!
You die...

## .#### ....##
####!....#
#####........#
#..........#
#.#.#.#...#
#.....†@.#
#.#.#.#{.##
##.........##
#..#.#.#....#
#.........#..#
#..##..#####...
##....## ....
##..####. ...
##..#......


There were no monsters in sight!

Vanquished Creatures
  Natasha (D:4)
  10 adders
  2 oozes (D:3)
  3 worms
  3 leopard geckos
  2 giant cockroaches
  8 goblins
  2 hobgoblins
  A quokka (D:3)
  A ball python (D:2)
  3 bats (D:3)
  4 frilled lizards
  7 kobolds
  5 rats
52 creatures vanquished.

Notes
Turn   | Place    | Note
-------+----------+-------------------------------------------
     0 | D:1      | KristoblXynda the Draconian Skald began the quest for the Orb.
     0 | D:1      | Reached XP level 1. HP: 17/17 MP: 3/3
   256 | D:1      | Reached XP level 2. HP: 24/24 MP: 5/5
   915 | D:2      | Reached XP level 3. HP: 23/29 MP: 6/6
   923 | D:2      | Learned a level 3 spell: Regeneration
  1877 | D:3      | Reached XP level 4. HP: 35/36 MP: 7/7
  2660 | D:3      | Reached XP level 5. HP: 32/41 MP: 8/8
  2991 | D:4      | Noticed an ogre
  3038 | D:4      | Noticed Natasha
  3042 | D:4      | Noticed Sigmund
  3048 | D:4      | Killed Natasha
  3057 | D:4      | HP: 1/41 [something (7)]
  3059 | D:4      | Mangled by Sigmund

Vault maps used:
D:1:      erik_arrival_triangle_small
D:3:      kennysheep_generic_room_10
D:4:      first_bread, serial_glass, glass_columns_a, glass_columns_b,
          feat_on_display, minmay_strange_pillars, item_on_display_a,
          feat_on_display, tso_altar, uniq_grinder, uniq_natasha, uniq_edmund,
          uniq_sigmund

Skill      XL: |  1  2  3 |
---------------+----------+-----
Charms         | 3 |  3.7
Axes           | 3 |  3.9
Dodging        | 2 |  2.8
Fighting       | |  2.1
Spellcasting   | |  2.0

Action                   |  1- 3 |  4- 6 || total
-------------------------+-------+-------++-------
Melee: Hand axe          |   112 |   106 ||   218
       Tailslap          |    13 |    13 ||    26
  Use: Scroll            |     4 |     4 ||     8
       Potion            |     1 |     4 ||     5
  Eat: Chunk             |     3 |     4 ||     7
Armor: Skin              |    20 |    41 ||    61
Dodge: Dodged            |    78 |    65 ||   143
